AoeStats
← Topi-Petteri

Runestones

507243966Analyzed
1v1 RM · 15d ago on Sep 17, 2026· 43m 3s· 2 players
Game mode
Random Map
Map size
Tiny (2 player)
Population
200
Speed
Normal
Resources
Standard
Victory
Conquest
Starting age
Dark Age
Ending age
Imperial Age
RankedLock teamsTeams togetherTeam positionsShared explorationLock speedFull tech treeHidden civsTurbo modeCheats
Victory
Defeat
🇫🇮 Poles · Finland
770
+18
🇺🇦 Khmer · Ukraine
807
-18
Topi-Petteri
10:06 Feudal Age
8:46 Loom
11:47 Double-Bit Axe
15:06 Horse Collar
17:55 Scale Barding Armor
18:00 Forging
20:36 Bloodlines
22:58 Castle Age
21:02 Man-at-Arms
24:15 Scale Mail Armor
24:23 Long Swordsman
28:25 Wheelbarrow
27:40 Town Watch
28:45 Iron Casting
28:25 Chain Mail Armor
28:31 Chain Barding Armor
27:34 Light Cavalry
28:14 Husbandry
30:05 Hand Cart
34:48 Imperial Age
36:12 Conscription
35:15 Winged Hussar
37:03 Plate Mail Armor
38:30 Blast Furnace
42:30 Plate Mail Armor
41:23 Two-Handed Swordsman
43:37 Town Patrol
iliass__mar90
10:14 Feudal Age
16:26 Castle Age
15:21 Double-Bit Axe
15:19 Horse Collar
23:52 Man-at-Arms
28:31 Arson
29:17 Pikeman
31:18 Bow Saw
31:54 Wheelbarrow
31:41 Scale Barding Armor
33:01 Long Swordsman
38:54 Imperial Age
41:45 Chain Barding Armor
41:41 Two-Handed Swordsman
Connection lost

Rejoining the realm…

Still unreachable

The connection could not be restored.

Session expired

The server has moved on; the page needs a fresh start.